 Dungeon Crawl Stone Soup version 0.30-a0-223-gcb0039aa0c (webtiles) character file.

Game seed: 11774353711271709505

1244 qw the Cleaver (level 8, -1/51 HPs)
             Began as a Gargoyle Fighter on Oct 9, 2022.
             Slain by Duvessa
             ... wielding a +1 short sword of venom
              (13 damage)
             ... on level 5 of the Dungeon.
             The game lasted 00:01:35 (3493 turns).

qw the Cleaver (Gargoyle Fighter)                   Turns: 3493, Time: 00:01:35

Health: -1/51      AC: 23    Str: 29    XL:     8   Next: 50%
Magic:  8/8        EV: 10    Int:  8    God:
Gold:   287        SH:  6    Dex:  9    Spells: 7/7 levels left

rFire   . . .      SeeInvis .    a - +1 war axe (protect)
rCold   . . .      Faith    .    i - +2 buckler
rNeg    + . .      Spirit   .    b - +0 scale mail
rPois   inf        Reflect  .    (no helmet)
rElec   +          Harm     .    (no cloak)
rCorr   .          Rampage  .    o - +2 pair of gloves
Will    +....                    l - +0 pair of boots
Stlth   ..........               (no amulet)
HPRegen 0.28/turn                c - ring of willpower
MPRegen 0.11/turn                k - +6 ring of strength

@: under a protective aura
A: sickness immunity, AC +5, negative energy resistance 1, electricity
resistance, torment resistance 1, petrification resistance
a: no special abilities


You were on level 5 of the Dungeon.
You visited 1 branch of the dungeon, and saw 5 of its levels.

You collected 287 gold pieces.


Innate Abilities, Weirdness & Mutations

You are immune to sickness and miasma.
Your stone body is resilient. (AC +5)
You are immune to poison.
You resist negative energy. (rN+)
You are resistant to electric shocks. (rElec)
You are resistant to unholy torment.
You are immune to petrification.


   Skills:
 - Level 6.0 Fighting
 + Level 8.1 Axes
 - Level 3.2 Armour
 - Level 1.0 Dodging
 - Level 3.2 Shields


You had 7 spell levels left.
You didn't know any spells.
Your spell library was empty.

Inventory:

Hand Weapons
 a - a +1 war axe of protection (weapon)
 h - a +0 flail
Armour
 b - a +0 scale mail (worn)
 i - a +2 buckler (worn)
 l - a +0 pair of boots (worn)
 o - a +2 pair of gloves (worn)
Jewellery
 c - a ring of willpower (left hand)
 k - a +6 ring of strength (right hand)
 Y - a ring of resist corrosion
Scrolls
 e - a scroll of teleportation {unknown}
 g - a scroll of identify
Potions
 d - a potion of might
 j - a potion of haste {unknown}
 m - a potion of heal wounds {unknown}
 n - a potion of resistance {unknown}
 p - a potion of mutation {unknown}

Dungeon Overview and Level Annotations

Branches:
Dungeon (5/15)
 Temple: D:4-7

Altars:
Ashenzari
Qazlal
Yredelemnul

Annotations:
D:5 Duvessa


Message History

Duvessa hits you but does no damage.
The ice beast hits you but does no damage.
Duvessa hits you but does no damage.
You closely miss the ice beast. You hit Duvessa but do no damage.
You block Duvessa's attack.
The ice beast hits you but does no damage.
Duvessa hits you with a +1 short sword of venom.
You slice the ice beast!!
The ice beast is severely wounded.
You slash Duvessa! You block Duvessa's attack.
The ice beast hits you but does no damage.
The ice beast barely misses you.
Duvessa hits you with a +1 short sword of venom!
You hit the ice beast.
The ice beast is severely wounded.
You completely miss Duvessa. Duvessa barely misses you.
The ice beast hits you but does no damage.
You barely miss the ice beast.
The ice beast is severely wounded.
You hit Duvessa. Duvessa hits you but does no damage.
Duvessa barely misses you. You block the ice beast's attack.
You closely miss the ice beast.
The ice beast is severely wounded.
You closely miss Duvessa. You block Duvessa's attack. The ice beast misses you.
Duvessa closely misses you.
You barely miss the ice beast.
The ice beast is severely wounded.
You hit Duvessa but do no damage.
Duvessa hits you with a +1 short sword of venom.
The ice beast hits you but does no damage.
You slash the ice beast!
You kill the ice beast!
You hit Duvessa but do no damage. Duvessa hits you but does no damage.
Duvessa hits you with a +1 short sword of venom!
You die...

#.# #....## #.#
##.#### #.###..#
####.....##
#.....####
#.##.## ### ##
#.# . ##..
####..##.####...e
#...
>.....)@e.....#
##.##
......##.######
#.... .#### #.#
#.... #.# #..._
#.# #.... #.#
#.... #.# ##.##
#.# #... ##..


You could see Duvessa (berserk).

Vanquished Creatures
  Grinder (D:5)
  Menkaure (D:5)
  A water moccasin (D:4)
  3 ice beasts (D:5)
  2 scorpions (D:4)
  A necrophage (D:5)
  Dowan (D:5)
  A howler monkey (D:4)
  A jelly (D:5)
  3 hounds (D:5)
  An iguana (D:5)
  2 orc wizards (D:4)
  3 gnolls (D:5)
  7 adders
  A white imp (D:5)
  A worm (D:2)
  2 dart slugs
  3 orcs (D:4)
  5 bats
  8 endoplasms
  4 giant cockroaches
  6 goblins
  7 hobgoblins
  10 jackals
  7 kobolds
  3 quokkas (D:1)
  3 ball pythons
  4 frilled lizards
  4 rats
96 creatures vanquished.

Notes
Turn   | Place    | Note
-------+----------+-------------------------------------------
     0 | D:1      | qw the Gargoyle Fighter began the quest for the Orb.
     0 | D:1      | Reached XP level 1. HP: 14/14 MP: 1/1
     0 | D:1      | 0 ||| qw: Version: 0.2-a-17-g06abaee
     0 | D:1      | 0 ||| qw: Game counter: 2134
     0 | D:1      | 0 ||| qw: Always use a shield: true
     0 | D:1      | 0 ||| qw: God list: Okawaru
     0 | D:1      | 0 ||| qw: Allow faded altars: false
     0 | D:1      | 0 ||| qw: Do Orc after D:15 true
     0 | D:1      | 0 ||| qw: Do second Lair branch before Depths: true
     0 | D:1      | 0 ||| qw: Lair rune preference: random
     0 | D:1      | 0 ||| qw: Plans: Normal, Zot:1-4, God:TSO, Crypt, Tomb,
                  | Pan, Slime:5, Hells, Abyss, Orb
     0 | D:1      | 0 ||| PLANNING D:1-11
    61 | D:1      | Reached skill level 2 in Axes
    70 | D:1      | Reached XP level 2. HP: 16/19 MP: 2/2
   138 | D:1      | 138 ||| Stepping ~*~*~tactically~*~*~ (hiding).
   141 | D:1      | 141 ||| Stepping ~*~*~tactically~*~*~ (hiding).
   346 | D:1      | Reached skill level 3 in Axes
   416 | D:1      | Reached XP level 3. HP: 23/23 MP: 3/3
   816 | D:1      | 816 ||| DROPPING +6 ring of intelligence.
   817 | D:1      | 817 ||| READING scroll labelled YMOIGR HUCVO.
   818 | D:1      | 818 ||| DRINKING 2 bubbling cyan potions.
   819 | D:1      | 819 ||| DROPPING potion of flight.
  1052 | D:2      | 1052 ||| DROPPING +0 club.
  1116 | D:2      | 1116 ||| Stepping ~*~*~tactically~*~*~ (stealth).
  1125 | D:2      | Reached XP level 4. HP: 28/28 MP: 4/4
  1126 | D:2      | Found a basalt altar of Yredelemnul.
  1340 | D:2      | Identified the +4 dagger of Revolt {vorpal, rElec rPois}
  1433 | D:2      | Reached skill level 4 in Axes
  1565 | D:2      | 1565 ||| UPGRADING to ring of resist corrosion.
  1566 | D:2      | 1566 ||| DROPPING ring of flight.
  1567 | D:2      | 1567 ||| READING 2 scrolls labelled TOL TIREMIYC.
  1568 | D:2      | 1568 ||| READING scroll labelled CETUDIASTRYX.
  1569 | D:2      | 1569 ||| READING 2 scrolls labelled OWIRUI MAKEC.
  1570 | D:2      | 1570 ||| DROPPING scroll of poison.
  1724 | D:3      | 1724 ||| Stepping ~*~*~tactically~*~*~ (stealth).
  1829 | D:3      | 1829 ||| Stepping ~*~*~tactically~*~*~ (stealth).
  1840 | D:3      | Found a faded altar of an unknown god.
  2049 | D:3      | 2049 ||| UPGRADING to +0 pair of boots.
  2054 | D:3      | 2054 ||| READING scroll labelled XUEL HIGIK.
  2055 | D:3      | 2055 ||| DRINKING 2 fizzy silvery potions.
  2056 | D:3      | 2056 ||| READING 2 scrolls of identify.
  2056 | D:3      | 2056 ||| IDENTIFYING fuming orange potion
  2057 | D:3      | 2057 ||| DROPPING potion of brilliance.
  2159 | D:4      | Noticed a scorpion
  2170 | D:4      | Killed a scorpion
  2171 | D:4      | Reached XP level 5. HP: 32/32 MP: 5/5
  2207 | D:4      | Noticed a water moccasin
  2229 | D:4      | Killed a water moccasin
  2230 | D:4      | Reached skill level 5 in Axes
  2230 | D:4      | Reached XP level 6. HP: 15/37 MP: 6/6
  2335 | D:4      | 2335 ||| DRINKING potion of curing.
  2335 | D:4      | 2335 ||| (to cure confusion)
  2356 | D:4      | 2356 ||| DROPPING +4 whip.
  2431 | D:4      | Reached skill level 1 in Dodging
  2518 | D:4      | Reached skill level 6 in Axes
  2518 | D:4      | Reached XP level 7. HP: 43/43 MP: 7/7
  2538 | D:4      | 2538 ||| Stepping ~*~*~tactically~*~*~ (stealth).
  2539 | D:4      | 2539 ||| Stepping ~*~*~tactically~*~*~ (stealth).
  2548 | D:4      | 2548 ||| Stepping ~*~*~tactically~*~*~ (stealth).
  2793 | D:4      | 2793 ||| UPGRADING to +0 pair of gloves.
  2798 | D:4      | 2798 ||| UPGRADING to +2 buckler.
  2808 | D:4      | 2808 ||| DROPPING +0 buckler.
  2809 | D:4      | 2809 ||| UPGRADING to +2 pair of gloves.
  2819 | D:4      | 2819 ||| DROPPING +0 pair of gloves.
  2820 | D:4      | 2820 ||| UPGRADING to +6 ring of strength.
  2821 | D:4      | 2821 ||| READING scroll labelled QUSETHR TUJ NEP.
  2833 | D:5      | Entered Level 5 of the Dungeon
  2931 | D:5      | Reached skill level 7 in Axes
  2934 | D:5      | 2934 ||| Stepping ~*~*~tactically~*~*~ (stealth).
  2955 | D:5      | 2955 ||| Stepping ~*~*~tactically~*~*~ (hiding).
  3048 | D:5      | Reached XP level 8. HP: 46/49 MP: 8/8
  3223 | D:5      | Noticed Grinder
  3227 | D:5      | 3227 ||| UPGRADING to ring of willpower.
  3229 | D:5      | 3229 ||| Stepping randomly (stuck).
  3230 | D:5      | 3230 ||| Stepping randomly (stuck).
  3233 | D:5      | 3233 ||| Stepping randomly (stuck).
  3234 | D:5      | 3234 ||| Stepping randomly (stuck).
  3235 | D:5      | 3235 ||| Stepping randomly (stuck).
  3237 | D:5      | 3237 ||| Stepping randomly (stuck).
  3238 | D:5      | 3238 ||| Stepping ~*~*~tactically~*~*~ (hiding).
  3253 | D:5      | Paralysed by Grinder for 2 turns
  3257 | D:5      | Killed Grinder
  3258 | D:5      | Reached skill level 8 in Axes
  3259 | D:5      | 3259 ||| Stepping randomly (stuck).
  3260 | D:5      | 3260 ||| Stepping randomly (stuck).
  3261 | D:5      | 3261 ||| Stepping randomly (stuck).
  3262 | D:5      | 3262 ||| Stepping randomly (stuck).
  3264 | D:5      | 3264 ||| Stepping randomly (stuck).
  3266 | D:5      | 3266 ||| Stepping ~*~*~tactically~*~*~ (hiding).
  3313 | D:5      | 3313 ||| Stepping randomly (stuck).
  3314 | D:5      | 3314 ||| Stepping randomly (stuck).
  3315 | D:5      | 3315 ||| Stepping randomly (stuck).
  3316 | D:5      | 3316 ||| Stepping randomly (stuck).
  3317 | D:5      | 3317 ||| Stepping randomly (stuck).
  3330 | D:5      | Found a broken altar of Ashenzari.
  3331 | D:5      | Noticed Menkaure
  3332 | D:5      | 3332 ||| Stepping ~*~*~tactically~*~*~ (hiding).
  3343 | D:5      | Killed Menkaure
  3344 | D:5      | Reached skill level 6 in Fighting
  3379 | D:5      | Found a stormy altar of Qazlal.
  3466 | D:5      | Noticed Dowan
  3466 | D:5      | Noticed Duvessa
  3467 | D:5      | 3467 ||| Stepping ~*~*~tactically~*~*~ (hiding).
  3469 | D:5      | 3469 ||| Stepping ~*~*~tactically~*~*~ (hiding).
  3482 | D:5      | Killed Dowan
  3492 | D:5      | HP: 12/51 [Duvessa/+1 short sword of venom (6)]
  3493 | D:5      | Slain by Duvessa

Levels and vault maps discovered:
D:1:      elethiomel_arrival_infinity_welcomes_careful_drivers, layout_basic
D:2:      minmay_skewed_foursquare, layout_loops_ring, basic_altar,
          kennysheep_generic_room_7
D:3:      layout_rooms, shapermc_ecumenical_altar_pompeii
D:4:      layout_basic
D:5:      layout_rooms, mainiacjoe_overflow_two_lobes,
          gammafunk_ghost_necromancy, uniq_grinder, uniq_menkaure, uniq_duvessa

Skill      XL: |  1  2  3  4  5  6  7  8 |
---------------+-------------------------+-----
Axes           | 2 3 4 5 6 7 8 |  8.1
Fighting       | 4 5 6 |  6.0
Dodging        | 1 |  1.0
Armour         | |  3.2
Shields        | |  3.2

Action                   |  1- 3 |  4- 6 |  7- 9 || total
-------------------------+-------+-------+-------++-------
Melee: War axe           |    61 |   115 |   104 ||   280
Throw: Boomerang         |    44 |    48 |       ||    92
  Use: Scroll            |     1 |     5 |     1 ||     7
       Potion            |     1 |     2 |       ||     3
Armor: Scale mail        |    33 |    79 |    46 ||   158
Dodge: Dodged            |    28 |    51 |    42 ||   121
Block: Buckler           |    13 |    23 |    25 ||    61

Table legend:
 A = Non-vault XP
 B = Vault XP
 C = Vault XP percentage of total XP
 D = Non-vault monster count
 E = Vault monster count
 F = Vault count percentage of total count
                 A         B        C        D         E       F
            +---------+---------+-------+---------+---------+-------
      Total |    1369 |     542 |  28.4 |      87 |       9 |   9.4
            +---------+---------+-------+---------+---------+-------
        D:1 |      47 |       0 |   0.0 |      26 |       0 |   0.0
        D:2 |      40 |      21 |  34.4 |      15 |       6 |  28.6
        D:3 |      30 |       0 |   0.0 |      10 |       0 |   0.0
        D:4 |     514 |       0 |   0.0 |      22 |       0 |   0.0
        D:5 |     738 |     521 |  41.4 |      14 |       3 |  17.6
            +---------+---------+-------+---------+---------+-------
